 Dungeon Crawl Stone Soup version 0.21-a0-417-g0adc95b (webtiles) character file.

159 Slyspawn the Magician (level 5, -2/41 HPs)
             Began as a Draconian Transmuter on Nov 3, 2017.
             Slain by a goblin
             ... wielding a +1 dagger of holy wrath
             ... led by Robin
              (3 damage)
             ... on level 3 of the Dungeon.
             The game lasted 00:10:22 (2788 turns).

Slyspawn the Magician (Draconian Transmuter)        Turns: 2788, Time: 00:10:23

Health: -2/41      AC:  5    Str: 12    XL:     5   Next: 17%
Magic:  6/10       EV: 12    Int: 14    God:
Gold:   89         SH:  0    Dex: 12    Spells: 8/11 levels left

rFire    . . .     SeeInvis .     - Unarmed
rCold    . . .     Gourm    .   (no shield)
rNeg     . . .     Faith    .   (armour unavailable)
rPois    .         Spirit   .   (helmet restricted)
rElec    .         Reflect  .   (no cloak)
rCorr    .         Harm     .   (no gloves)
MR       .....                  (boots currently unavailable)
Stlth    +.........             (no amulet)
HPRegen  0.13/turn              (no ring)
MPRegen  0.12/turn              (no ring)

@: appendage, drained
A: unfitting armour, talons 3, cold-blooded, AC +5
a: End Transformation


You were on level 3 of the Dungeon.
You were not hungry.
You had grown temporary talons.
You visited 1 branch of the dungeon, and saw 3 of its levels.

You collected 89 gold pieces.

Inventory:

Hand Weapons
 f - a +0 short sword
Missiles
 a - 62 arrows
 g - 5 poisoned needles
Armour
 e - a +2 pair of gloves of dexterity
Jewellery
 h - an uncursed ring of stealth {unknown}
Wands
 j - a wand of digging (17/24)
 l - a wand of enslavement (12/24)
Scrolls
 k - a scroll of teleportation {unknown}
 o - a scroll of fear {unknown}
Potions
 i - 7 potions of curing
Books
 b - a book of Changes

   Spells                             Type                      Level
   a - Beastly Appendage              Transmutation                1
   b - Sticks to Snakes               Transmutation                2
   c - Spider Form                    Transmutation/Poison         3
   d - Ice Form                       Ice/Transmutation            4
   e - Blade Hands                    Transmutation                5
Comestibles
 c - 2 bread rations
 d - 3 royal jellies
 m - 5 chunks of flesh
 n - a meat ration


   Skills:
 + Level 1.7(1.6) Fighting
 * Level 0.9(0.8) Throwing
 - Level 1.8(1.6) Dodging
 + Level 0.9(0.7) Stealth
 - Level 3.1(2.9) Unarmed Combat
 + Level 3.5(3.3) Spellcasting
 + Level 3.4(3.3) Transmutations


You had 8 spell levels left.
You knew the following spells:

 Your Spells              Type           Power        Failure   Level  Hunger
a - Beastly Appendage     Tmut           ##....       5%          1    #......
b - Sticks to Snakes      Tmut           ##......     8%          2    ##.....


Dungeon Overview and Level Annotations

Branches:
Dungeon (3/15)

Altars:


Innate Abilities, Weirdness & Mutations

Your plain brown scales are hard. (AC +5)
You cannot fit into any form of body armour.
You are cold-blooded and may be slowed by cold attacks.
You have claws for feet.


Message History

The orc barely misses you.
You hit the hobgoblin.
The hobgoblin is severely wounded.
The goblin hits you but does no damage. The hobgoblin hits you with a club.
* * * LOW HITPOINT WARNING * * *
The orc misses you.
Casting: Beastly Appendage
Confirm with . or Enter, or press ? or * to list all spells.
You extend your transformation's duration.
The goblin hits you with a dagger of holy wrath.
* * * LOW HITPOINT WARNING * * *
The hobgoblin hits you with a club!
* * * LOW HITPOINT WARNING * * *
The orc hits you with a flail.
* * * LOW HITPOINT WARNING * * *
Some of the chunks of flesh in your inventory have rotted away.
You hit the hobgoblin but do no damage. You claw the hobgoblin.
You kill the hobgoblin!
The goblin hits you with a dagger of holy wrath.
You die...

##.......#.........########...
##.....##.#.......#..........
########.#..............###.
#.#.........######...
#.#...........รท.)).##
###........#...#####
##..............####
#.o)####.#####...... .gg...#@#
#... ##.###. .o#####g# ###.
#..### #g.)g# .####....
....g.#### #......... ...##
########## .


You could see an orc and 2 goblins.

Vanquished Creatures
  Terence (D:3)
  2 adders
  3 oozes
  3 dart slugs
  A worm (D:2)
  3 leopard geckos
  3 orcs (D:2)
  5 giant cockroaches
  10 goblins
  8 hobgoblins
  8 jackals
  A ball python (D:3)
  A ball python skeleton (D:2)
  6 bats
  5 frilled lizards
  4 kobolds
  5 rats
69 creatures vanquished.

Vanquished Creatures (collateral kills)
  Robin (D:3)
  An adder (D:2)
  4 goblins (D:3)
  A hobgoblin (D:3)
  2 jackals (D:3)
  A kobold (D:3)
  A rat (D:2)
11 creatures vanquished.

Grand Total: 80 creatures vanquished

Notes
Turn   | Place    | Note
-------+----------+-------------------------------------------
     0 | D:1      | Slyspawn the Draconian Transmuter began the quest for the Orb.
     0 | D:1      | Reached XP level 1. HP: 16/16 MP: 3/3
   153 | D:1      | Reached XP level 2. HP: 22/23 MP: 5/5
   780 | D:1      | Learned a level 2 spell: Sticks to Snakes
   785 | D:2      | Reached XP level 3. HP: 28/28 MP: 4/6
  1300 | D:2      | Reached XP level 4. HP: 33/35 MP: 8/8
  2413 | D:3      | Noticed Terence
  2444 | D:3      | Killed Terence
  2672 | D:3      | Reached XP level 5. HP: 37/40 MP: 10/10
  2757 | D:3      | Noticed Robin
  2785 | D:3      | Killed Robin
  2787 | D:3      | HP: 2/41 [hobgoblin/club[Robin] (9)]
  2788 | D:3      | Slain by a goblin

Vault maps used:
D:1:      saegor_arrival_simple_c, minmay_crystal_water, grunt_decor_fettered
D:3:      minmay_misc_feat_tiny, uniq_robin, uniq_terence

Skill      XL: |  1  2  3 |
---------------+----------+-----
Transmutations | 3 |  3.4
Spellcasting   | 3 |  3.5
Fighting       | |  1.7
Throwing       | |  0.9
Dodging        | |  1.8
Stealth        | |  0.9
Unarmed Combat | |  3.1

Action                   |  1- 3 |  4- 6 || total
-------------------------+-------+-------++-------
Melee: Unarmed           |   112 |   121 ||   233
       Tailslap          |    14 |    14 ||    28
       Headbutt          |     4 |    12 ||    16
       Kick              |     4 |    18 ||    22
       Punch             |     1 |     1 ||     2
       Blowgun           |       |    14 ||    14
 Fire: Blowgun           |       |     8 ||     8
 Cast: Beastly Appendage |    15 |    21 ||    36
       Sticks to Snakes  |     5 |     6 ||    11
  Use: Potion            |     2 |       ||     2
       Scroll            |     2 |     1 ||     3
 Stab: Sleeping          |     1 |     1 ||     2
       Distracted        |       |     1 ||     1
  Eat: Chunk             |     2 |     5 ||     7
Armor: Skin              |    43 |    48 ||    91
Dodge: Dodged            |    85 |   123 ||   208

Table legend:
 A = Spawn XP
 B = Non-spawn XP
 C = Spawn XP percentage of total XP
 D = Spawn monster count
 E = Non-spawn monster count
 F = Spawn count percentage of total count
 G = Total turns spent on level
                    A         B        C        D         E        F      G
               +---------+---------+-------+---------+---------+-------+---------
         Total |       0 |     228 |   0.0 |       0 |      80 |   0.0 |  2788
               +---------+---------+-------+---------+---------+-------+---------
           D:1 |       0 |      37 |   0.0 |       0 |      16 |   0.0 |   781
           D:2 |       0 |      80 |   0.0 |       0 |      29 |   0.0 |  1005
           D:3 |       0 |     111 |   0.0 |       0 |      35 |   0.0 |  1002
               +---------+---------+-------+---------+---------+-------+---------
